 Dungeon Crawl Stone Soup version 0.24.0-125-gc4c63601f3 (webtiles) character file.

Game seed: 6849104812912009630, levelgen mode: deterministic

2627 darlok3d the Thaumaturge (level 9, -4/57 HPs)
             Began as a Demonspawn Wizard on Feb 28, 2020.
             Was a Follower of Kikubaaqudgha.
             Slain by a two-headed ogre
             ... wielding a +0 giant spiked club
              (10 damage)
             ... on level 8 of the Dungeon.
             The game lasted 00:38:01 (8083 turns).

darlok3d the Thaumaturge (Demonspawn Wizard)        Turns: 8083, Time: 00:38:01

Health: -4/57      AC: 10    Str:  8    XL:     9   Next: 35%
Magic:  19/21      EV: 12    Int: 23    God:    Kikubaaqudgha [*.....]
Gold:   198        SH:  0    Dex: 11    Spells: 9/25 levels left

rFire    . . .     SeeInvis .   s - +2 quarterstaff (chaos)
rCold    . . .     Gourm    .   (shield currently unavailable)
rNeg     . . .     Faith    .   v - +2 robe {MR+}
rPois    .         Spirit   .   b - +0 hat
rElec    .         Reflect  .   e - +1 cloak
rCorr    +         Harm     .   (no gloves)
MR       +....                  (no boots)
Stlth    ++........             (no amulet)
HPRegen  0.19/turn              (no ring)
MPRegen  0.17/turn              (no ring)

@: very slightly contaminated
A: antennae 1, yellow scales 3, powered by death 1, spiny 1
a: Receive Corpses, Renounce Religion


You were on level 8 of the Dungeon.
You worshipped Kikubaaqudgha.
Kikubaaqudgha was aware of your devotion.
You were hungry.

You visited 2 branches of the dungeon, and saw 9 of its levels.

You collected 328 gold pieces.
You spent 130 gold pieces at shops.

Inventory:

Hand Weapons
 i - a +1 whip of draining
 s - a +2 quarterstaff of chaos (weapon)
 A - a +1 dagger of venom
Missiles
 l - 12 poisoned darts (quivered)
 t - 7 boomerangs
Armour
 b - a +0 hat (worn)
 e - a +1 cloak (worn)
 v - a +2 robe of magic resistance (worn)
Jewellery
 o - an uncursed amulet of rage
 C - an uncursed ring of protection from fire
 G - an uncursed amulet of the gourmand {unknown}
 I - an uncursed ring of positive energy {unknown}
Wands
 a - a wand of enslavement (9)
 n - a wand of random effects (23)
 w - a wand of acid (10)
 B - a wand of flame (18)
 L - a wand of iceblast (10)
Scrolls
 c - 2 scrolls of identify
 f - 3 scrolls of amnesia
 g - 2 scrolls of remove curse
 h - a scroll of magic mapping
 j - 2 scrolls of enchant armour {unknown}
 k - 7 scrolls of teleportation
 m - 2 scrolls of enchant weapon {unknown}
 p - 2 scrolls of blinking {unknown}
 r - 3 scrolls of random uselessness {unknown}
 u - 2 scrolls of fear {unknown}
 y - 3 scrolls of fog
 z - a scroll of immolation {unknown}
Potions
 q - a potion of mutation
 x - 2 potions of curing
 D - 3 potions of lignification
 E - a potion of magic
 F - 2 potions of flight
 H - 2 potions of might
 K - 2 potions of heal wounds
Comestibles
 d - 25 rations


   Skills:
 - Level 1.7 Dodging
 - Level 1.7 Stealth
 * Level 8.6 Spellcasting
 * Level 8.5 Conjurations
 - Level 1.0 Summonings
 * Level 0.3 Necromancy
 - Level 0.8 Translocations
 + Level 3.7 Evocations


You had 9 spell levels left.
You knew the following spells:

 Your Spells              Type           Power        Failure   Level  Hunger
a - Magic Dart            Conj           ####         1%          1    None
b - Call Imp              Summ           ##......     7%          2    None
c - Mephitic Cloud        Conj/Pois/Air  ###.....     6%          3    None
d - Conjure Flame         Conj/Fire      ####....     3%          3    None
e - Blink                 Tloc           N/A          7%          2    None
f - Sublimation of Blood  Necr           ##........   9%          2    None
g - Vampiric Draining     Necr           ##........   17%         3    None

Your spell library contained the following spells:

 Spells                   Type           Power        Failure   Level  Hunger
 Pain                     Necr           ##..         6%          1    None
 Corpse Rot               Necr           N/A          9%          2    None
 Poisonous Vapours        Pois/Air       #.....       10%         2    None
 Slow                     Hex            #.......     10%         2    None
 Freezing Cloud           Conj/Ice/Air   ###.......   97%         6    ######.
 Ring of Flames           Chrm/Fire      #.........   100%        7    #######


Dungeon Overview and Level Annotations

Branches:
Dungeon (8/15)             Temple (1/1) D:5            Lair (0/6) D:8

Altars:
Ashenzari
Cheibriados
Dithmenos
Elyvilon
Fedhas
Gozag
Hepliaklqana
Kikubaaqudgha
Makhleb
Okawaru
Qazlal
Ru
Sif Muna
Trog
Uskayaw
Vehumet
Wu Jian
Xom
Zin
The Shining One

Shops:
D:5 [*!   D:6 :   D:7 !


Innate Abilities, Weirdness & Mutations

You have a pair of small antennae on your head.
You are completely covered in yellow scales. (AC +4, rCorr)
You regenerate a little health from kills.
You are partially covered in sharp spines.


Message History

The two-headed ogre is struck by your spines.
The two-headed ogre hits you with a +0 giant spiked club!
The two-headed ogre hits you with a +0 giant club!
The orc wizard casts a spell.
The orc wizard blinks!
The two-headed ogre moves out of view.
There is a stone staircase leading up here.
Unknown command.
Casting: Mephitic Cloud (safe; 6% risk of failure)
Confirm with . or Enter, or press ? or * to list all spells.
Okay, then.
Casting: Mephitic Cloud (safe; 6% risk of failure)
Confirm with . or Enter, or press ? or * to list all spells.
You miscast Blink.
You are very lightly contaminated with residual magic.
Strange energies run through your body.
The two-headed ogre hits you with a +0 giant spiked club!!
* * * LOW HITPOINT WARNING * * *
The two-headed ogre hits you with a +0 giant club!
You die...
Kikubaaqudgha rasps: "You have failed me!
Welcome... death!"

#. ...
o#o#.########..
h...y{{>.......
#.# ##Z.y.# #o#
#<+...+ #{#.#
###...# #.#o#
...# #.O@# ...#
#.....#.# ...#
#..## #.# ...#
# #.# ...# ..#
###


You could see a two-headed ogre, an orc wizard and 2 orcs.

Vanquished Creatures
  Sigmund (D:5)
  A human (D:7)
  4 hogs (D:7)
  Eustachio (D:5)
  Menkaure (D:5)
  Edmund (D:5)
  An ice beast (D:6)
  A big kobold (D:7)
  Blork the orc (D:6)
  A gnoll sergeant (D:5)
  2 bullfrogs (D:6)
  A scorpion (D:7)
  A killer bee (D:8)
  2 crimson imps (D:5)
  4 hounds
  2 bullfrog skeletons
  A jelly (D:6)
  Crazy Yiuf (D:3)
  3 orc priests
  6 orc wizards
  A centaur skeleton (D:5)
  A gnoll shaman (D:7)
  Ijyb (D:5)
  2 iguanas
  12 gnolls
  8 adders
  An ooze (D:4)
  2 worms
  2 dart slugs
  5 leopard geckos
  15 orcs
  2 ball pythons
  5 bats
  2 giant cockroaches
  3 goblins
  4 hobgoblins
  9 jackals
  5 quokkas
  4 frilled lizards
  10 kobolds
  A leopard gecko skeleton (D:4)
  5 rats
136 creatures vanquished.

Notes
Turn   | Place    | Note
-------+----------+-------------------------------------------
     0 | D:1      | darlok3d the Demonspawn Wizard began the quest for the Orb.
     0 | D:1      | Reached XP level 1. HP: 13/13 MP: 4/4
   418 | D:1      | Gained mutation: You regenerate a little health from kills.
                  | [demonic ancestry]
   418 | D:1      | Reached XP level 2. HP: 8/19 MP: 0/6
   481 | D:1      | Learned a level 2 spell: Call Imp
  1482 | D:2      | Gained mutation: You are partially covered in yellow
                  | scales. (AC +2) [demonic ancestry]
  1482 | D:2      | Reached XP level 3. HP: 22/24 MP: 4/8
  1521 | D:2      | Learned a level 3 spell: Mephitic Cloud
  1596 | D:2      | Found a faded altar of an unknown god.
  2118 | D:2      | Learned a level 3 spell: Conjure Flame
  2277 | D:3      | Reached XP level 4. HP: 17/30 MP: 0/10
  2469 | D:3      | Found a bloodstained altar of Trog.
  2469 | D:3      | Found a shattered altar of Ashenzari.
  2470 | D:3      | Found a glowing silver altar of Zin.
  2635 | D:3      | Found a runed translucent door.
  2636 | D:3      | Noticed Crazy Yiuf
  3077 | D:3      | Killed Crazy Yiuf
  3077 | D:3      | Gained mutation: You are mostly covered in yellow scales.
                  | (AC +3) [demonic ancestry]
  3077 | D:3      | Reached XP level 5. HP: 4/35 MP: 1/11
  3362 | D:3      | Learned a level 2 spell: Blink
  4224 | D:5      | Entered Level 5 of the Dungeon
  4229 | D:5      | Noticed Eustachio
  4336 | D:5      | Reached skill level 5 in Spellcasting
  4410 | D:5      | Gained mutation: You are partially covered in sharp spines.
                  | [demonic ancestry]
  4410 | D:5      | Reached XP level 6. HP: 28/41 MP: 1/13
  4476 | D:5      | Found Owoneqie's General Store.
  4482 | D:5      | Bought a scroll of identify for 20 gold pieces
  4538 | D:5      | Noticed Ijyb
  4557 | D:5      | Killed Ijyb
  5002 | D:5      | Noticed Edmund
  5116 | D:5      | Killed Edmund
  5116 | D:5      | Reached skill level 5 in Conjurations
  5116 | D:5      | Reached XP level 7. HP: 44/46 MP: 5/15
  5213 | D:5      | Found Epluxtum's Antique Armour Emporium.
  5261 | D:5      | Noticed Menkaure
  5391 | D:3      | Found a white marble altar of Elyvilon.
  5391 | D:3      | Found a stormy altar of Qazlal.
  5448 | D:5      | Noticed Sigmund
  5461 | D:5      | Killed Sigmund
  5569 | D:5      | Killed Eustachio
  5639 | D:5      | Found a staircase to the Ecumenical Temple.
  5667 | Temple   | Entered the Ecumenical Temple
  5760 | D:5      | Gained mutation: You are completely covered in yellow
                  | scales. (AC +4, rCorr) [demonic ancestry]
  5760 | D:5      | Reached XP level 8. HP: 36/52 MP: 10/18
  5962 | D:5      | Found Ysuxtael's Distillery.
  5967 | D:5      | Bought a potion of lignification for 30 gold pieces
  5967 | D:5      | Bought a potion of magic for 80 gold pieces
  6022 | D:5      | Killed Menkaure
  6022 | D:5      | Reached skill level 1 in Evocations
  6349 | D:6      | Found Din Icsi's Book Shoppe.
  6428 | D:6      | Found a burning altar of Makhleb.
  6539 | D:6      | Found an ancient bone altar of Kikubaaqudgha.
  6559 | D:6      | Became a worshipper of Kikubaaqudgha
  6586 | D:6      | Noticed Blork the orc
  6596 | D:6      | Killed Blork the orc
  7533 | D:7      | Found a snail-covered altar of Cheibriados.
  7533 | D:7      | Found a shimmering blue altar of Sif Muna.
  7615 | D:7      | Found a hazy altar of Hepliaklqana.
  7708 | D:7      | Reached * piety under Kikubaaqudgha
  7708 | D:7      | Identified Kikubaaqudgha's Guide on Unholy Magic
                  | (Kikubaaqudgha gifted it to you on level 7 of the Dungeon)
  7708 | D:7      | Received a gift from Kikubaaqudgha
  7708 | D:7      | Gained mutation: You have a pair of small antennae on your
                  | head. [demonic ancestry]
  7708 | D:7      | Reached XP level 9. HP: 44/57 MP: 11/21
  7793 | D:7      | Found Lenlo's Distillery.
  7941 | D:7      | Learned a level 2 spell: Sublimation of Blood
  7945 | D:7      | Learned a level 3 spell: Vampiric Draining
  7967 | D:8      | Found a staircase to the Lair.
  8082 | D:8      | Noticed a two-headed ogre
  8082 | D:8      | Noticed a two-headed ogre
  8083 | D:8      | Slain by a two-headed ogre

Levels and vault maps discovered:
D:1:      dpeg_arrival_tiny_c, layout_basic, st_stairs_6, minmay_misc_feat_tiny
D:2:      layout_rooms, chequers_ecumenical_altar_grove
D:3:      layout_loops_ring, nicolae_overflow_hidden_temple, first_ration,
          uniq_crazy_yiuf_cottage
D:4:      layout_gridville, hangedman_decor_riveting
D:5:      layout_loops_ring, minmay_temple_entry_sparse_star, serial_shops,
          kennysheep_little_box, shop, shop, uniq_menkaure, uniq_ijyb,
          uniq_eustachio, uniq_sigmund, uniq_edmund
D:6:      layout_rooms, grunt_temple_overflow_open, serial_shops,
          nicolae_shop_behind_doors, nicolae_sextant, uniq_blork_the_orc
D:7:      layout_cave_pools, old_standard_altar,
          chequers_temple_overflow_statue_of_worship, serial_shops,
          nicolae_shop_waterfront, grunt_livestock
D:8:      nicolae_whirlpool, layout_basic, lair_entry_dummy, abandoned_shop
Temple:   eino_temple_lava

Skill      XL: |  1  2  3  4  5  6  7  8  9 |
---------------+----------------------------+-----
Conjurations   | 2 3 4 5 6 7 8 |  8.5
Spellcasting   | 4 5 6 8 |  8.6
Evocations     | 3 |  3.7
Dodging        | |  1.7
Stealth        | |  1.7
Summonings     | |  1.0
Necromancy     | |  0.3
Translocations | |  0.8

Action                   |  1- 3 |  4- 6 |  7- 9 || total
-------------------------+-------+-------+-------++-------
Melee: Unarmed           |    20 |       |       ||    20
       Whip              |    17 |    16 |       ||    33
       Quarterstaff      |       |    11 |    77 ||    88
 Cast: Magic Dart        |   104 |   131 |   136 ||   371
       Mephitic Cloud    |       |     6 |    15 ||    21
       Conjure Flame     |       |     3 |     7 ||    10
Evoke: Wand              |       |       |     4 ||     4
  Use: Scroll            |     2 |     5 |     4 ||    11
       Potion            |     2 |       |       ||     2
 Stab: Confused          |       |     1 |     1 ||     2
  Eat: Chunk             |     4 |     9 |     9 ||    22
Armor: Robe              |    15 |     6 |    31 ||    52
Dodge: Dodged            |    43 |    27 |    47 ||   117
